 Dungeon Crawl Stone Soup version 0.17-a0-543-g13d7571 (webtiles) character file.

161018 Kisielow the Fencer (level 17, -3/179 HPs)
             Began as a Minotaur Fighter on Apr 12, 2015.
             Was the Champion of Okawaru.
             Slain by a three-headed hydra (8 damage)
             ... on level 5 of the Swamp on Apr 13, 2015.
             The game lasted 02:33:37 (32659 turns).

Kisielow the Fencer (Minotaur Fighter)             Turns: 32659, Time: 02:33:38

Health: -3/179     AC: 36    Str: 29    XL:     17   Next: 19%
Magic:  21/21      EV: 10    Int:  5    God:    Okawaru [******]
Gold:   3144       SH: 20    Dex:  9    Spells: 0 memorised, 16 levels left

rFire  . . .     SeeInvis +     G - +2 long sword (flame)
rCold  + . .     Clarity  +     P - +4 plate armour {rN+}
rNeg   + . .     SustAb   .     S - +5 shield {AC+3}
rPois  +         Gourm    .     (helmet unavailable)
rElec  .         Spirit   .     (no cloak)
rCorr  .         Warding  .     F - +2 pair of gloves
rMut   .         Stasis   .     n - +2 pair of boots {Fly}
MR     +....                    W - amulet of regeneration
Stlth  ..........               M - ring of see invisible
                                i - ring of poison resistance

@: heroism, finesse, flying, very slightly contaminated, somewhat resistant to
hostile enchantments, extremely unstealthy
A: retaliatory headbutt, horns 3, slimy green scales 1, berserk 2, clarity,
clumsy 1, cold resistance 1, robust 1, screaming 1, strong 1, wild magic 1
a: Heroism, Finesse, Renounce Religion, Stop Flying


You were on level 5 of the Swamp.
You worshipped Okawaru.
Okawaru was exalted by your worship.
You were hungry.

You visited 6 branches of the dungeon, and saw 34 of its levels.
You visited 1 bazaar.
You also visited: Labyrinth, Ossuary and Volcano.

You collected 3774 gold pieces.
You spent 630 gold pieces at shops.

Inventory:

Hand weapons
 A - a +9 double sword of holy wrath
 G - a +2 long sword of flaming (weapon)
 I - the +4 scimitar "Suliuwn" {drain, +Rage MR+ Str+3 Int-2}
   (Okawaru gifted it to you on level 4 of the Swamp)

   A truly terrible weapon, it drains the life of those it strikes.
   It affects your strength (+3).
   It affects your intelligence (-2).
   It affects your resistance to hostile enchantments.
   It lets you go berserk.
Armour
 n - a +2 pair of boots of flying (worn)
 F - a +2 pair of gloves (worn)
 P - a +4 plate armour of positive energy (worn)
 S - a +5 shield of protection (worn)
Jewellery
 i - a ring of poison resistance (left hand)
 m - an uncursed amulet of warding
 p - an uncursed ring of protection from magic
 s - an uncursed ring of protection from cold
 M - a ring of see invisible (right hand)
 W - an amulet of regeneration (around neck)
Magical devices
 a - a wand of fire (6)
 l - a wand of teleportation (6)
 o - a wand of confusion (21)
 q - a wand of invisibility (5)
 C - a wand of lightning (2)
 D - a wand of random effects (13)
 E - a wand of digging (10)
 K - a wand of slowing (16)
 O - a wand of disintegration (14)
Scrolls
 u - 18 scrolls of remove curse
 v - a scroll of recharging
 w - 2 scrolls of blinking
 x - a scroll of amnesia
 y - 11 scrolls of teleportation
 z - 3 scrolls of identify
 H - a scroll of summoning
 N - 2 scrolls of fear
 U - 3 scrolls of magic mapping
 X - a scroll of silence
Potions
 c - 2 potions of might
 e - 7 potions of curing
 f - 3 potions of haste
 h - 5 potions of agility
 j - 2 potions of brilliance
 k - 5 potions of restore abilities
 t - 3 potions of magic
 B - 3 potions of resistance
 Q - 4 potions of heal wounds
 R - 4 potions of berserk rage
 Z - a potion of cancellation
Miscellaneous
 d - a plain deck of summoning {drawn: 1}
 T - a plain deck of summoning {drawn: 1}
Comestibles
 b - 4 chunks of flesh
 g - 5 bread rations
 r - 20 meat rations
 J - 5 poisonous chunks of flesh
 L - 18 royal jellies
 Y - a beef jerky


   Skills:
 * Level 18.1(23.1) Fighting
 - Level 20.0(25.0) Long Blades
   Level 8.0(13.0) Bows
 * Level 16.3(21.3) Armour
 - Level 12.0(17.0) Shields
 - Level 7.4 Invocations
 - Level 6.0 Evocations


You had 16 spell levels left.
You didn't know any spells.

Dungeon Overview and Level Annotations

Branches:
Dungeon (15/15)            Temple (1/1) D:4            Lair (8/8) D:9
  Swamp (5/5) Lair:6       Spider (0/5) Lair:3        Slime (0/6) Lair:6
    Orc (4/4) D:12            Elf (1/3) Orc:3        Vaults (0/5) D:14
 Depths (0/5) D:15

Altars:
Ashenzari
Cheibriados
Dithmenos
Elyvilon
Fedhas
Gozag
Kikubaaqudgha
Makhleb
Nemelex Xobeh
Okawaru
Qazlal
Ru
Sif Muna
Trog
Vehumet
Xom
Yredelemnul
Zin
The Shining One
Beogh
Lugonu

Shops:
D:8 }   D:13 }:*   D:15 *:   Orc:2 ?   Orc:4 :*[[

Annotations:
Swamp:5 Lernaean hydra


Innate Abilities, Weirdness & Mutations

You reflexively headbutt those who attack you in melee.
You have a pair of large horns on your head.
You are partially covered in slimy green scales (AC +2).
You often lose your temper in combat.
You possess an exceptional clarity of mind.
You are clumsy. (Dex -2)
Your flesh is cold resistant.
You are robust (+10% HP).
You occasionally shout uncontrollably at your foes.
Your muscles are strong. (Str +2)
Your spells are a little harder to cast, but a little more powerful.


Message History

You block the 27-headed Lernaean hydra's attack.
The 27-headed Lernaean hydra bites you but does no damage.
The 27-headed Lernaean hydra misses you.
You block the 27-headed Lernaean hydra's attack.
The 27-headed Lernaean hydra bites you but does no damage.
Drink which item? (? for menu, Esc to quit)
You feel much better.
You block the eight-headed hydra's attack. x2
The eight-headed hydra bites you but does no damage.
The eight-headed hydra bites you.
* * * LOW HITPOINT WARNING * * *
The eight-headed hydra bites you!
* * * LOW HITPOINT WARNING * * *
You block the eight-headed hydra's attack.
The eight-headed hydra bites you!
* * * LOW HITPOINT WARNING * * *
The eight-headed hydra barely misses you.
The three-headed hydra bites you but does no damage.
The three-headed hydra bites you!
You die...

♣.≈≈≈≈§♣♣♣.≈≈≈≈≈.♣♣♣♣≈≈.≈≈.≈≈≈≈≈.
♣≈≈≈D..≈♣♣♣.≈≈≈≈..♣♣≈≈≈≈.≈.♣≈.≈≈≈
≈.≈♣♣≈≈≈D≈♣≈...≈≈.≈♣.≈≈≈≈≈♣♣♣♣♣≈♣
D♣♣♣♣≈≈≈≈.♣D≈≈≈≈§.≈≈≈≈♣♣♣≈≈≈.♣♣♣♣
≈♣ ♣♣.≈≈.D♣≈≈..♣♣.≈.♣♣ ♣♣≈≈≈<..(
≈♣ ♣♣≈≈≈DD≈D.♣♣≈.≈≈≈♣ ♣♣≈.P... ♣♣
♣§..♣♣≈≈k..§.♣♣≈♣♣♣♣♣♣♣♣...♣
♣....♣≈≈≈≈≈D§§♣♣≈..≈≈.♣♣≈≈≈≈.
≈≈≈≈≈§♣≈≈≈≈≈D@§♣≈♣♣<≈≈≈§.≈≈≈≈≈
≈≈≈...≈≈≈≈≈≈D≈§...♣♣≈≈≈♣≈≈≈≈≈.
≈≈.♣♣♣.≈≈≈≈♣♣♣♣..♣♣♣♣♣♣♣.≈≈≈♣ ≈.
♣♣≈≈.≈♣ ♣♣♣♣ ♣♣§≈≈≈ ♣.≈≈.♣♣♣♣♣♣
♣≈≈≈. ♣≈≈.♣♣...≈♣ ♣≈≈≈≈
♣♣♣♣≈≈≈≈§.♣♣♣ ≈.≈.≈
♣♣♣♣≈≈≈≈≈≈≈≈≈♣♣♣♣♣♣ ♣♣♣♣♣
♣....≈≈≈≈≈≈≈≈(♣≈.≈♣♣♣


You could see the 27-headed Lernaean hydra, an eight-headed hydra, 2 four-headed
hydras, a three-headed hydra, 3 swamp dragons and a swamp drake.

Vanquished Creatures
  Saint Roka (Orc:4)
  Rupert (Lair:4)
  Gastronok (Lair:3)
  Kirke (Swamp:4)
  Roxanne (Elf:1)
  A deep elf sorcerer (Elf:1)
  Maud (Lair:3)
  An orc warlord (Orc:2)
  A deep elf annihilator (Elf:1)
  A fire dragon (D:14)
  2 ogre magi (D:15)
  A minotaur (Lab)
  5 centaur warriors
  Fannar (Lair:3)
  19 hydras
  9 alligators
  2 dancing weapons (D:14)
  4 orc high priests (Orc:4)
  5 death yaks
  4 tengu warriors
  Urug (D:13)
  A soul eater (Orc:4)
  Sonja (Lair:3)
  2 deep elf knights (Elf:1)
  An ice devil (Orc:4)
  The ghost of Duskembrace the Cleaver, an experienced MiFi of Qazlal (D:8)
  A fire crab (shapeshifter) (D:15)
  The ghost of florek the Nimble, an experienced SpAs of Dithmenos (D:9)
  3 swamp dragons
  2 spriggan druids
  3 unseen horrors
  2 shambling mangroves
  8 hill giants
  A deep elf summoner (Elf:1)
  A wizard (D:15)
  An orb spider (Lair:3)
  5 orc knights
  An oklob plant (Lair:6)
  8 ugly things
  6 cyclopes
  A wolf spider (Lair:8)
  A manticore (D:11)
  5 deep elf conjurers (Elf:1)
  7 orc sorcerers
  3 sixfirhies
  4 hornets
  7 black mambas
  A guardian serpent (Lair:8)
  A naga mage (D:15)
  A molten gargoyle (Volcano)
  25 spiny frogs
  3 gargoyles
  11 komodo dragons
  6 fire drakes
  A yaktaur (Volcano)
  2 redback zombies
  A deep elf priest (Elf:1)
  2 tengu conjurers (D:13)
  2 kobold demonologists (D:15)
  5 wandering mushrooms
  A giant leech (Swamp:1)
  9 polar bears
  7 trolls
  8 blink frogs
  26 slime creatures
  7 two-headed ogres
  16 ravens
  10 bog bodies
  2 raiju (Lair:8)
  A centaur simulacrum (D:15)
  11 spriggans
  Sigmund (D:5)
  2 baby alligators (Swamp:5)
  27 yaks
  3 hogs (Swamp:4)
  3 shadows
  6 deep elf fighters
  A basilisk (Lair:1)
  9 wyverns
  Eustachio (D:5)
  7 deep elf magi
  Grum (D:8)
  34 wolves
  2 fire bats (Volcano)
  12 hippogriffs
  11 wargs
  6 insubstantial wisps (Swamp:3)
  A soldier ant (D:13)
  A hungry ghost (D:10)
  21 water moccasins
  13 porcupines
  4 hell hounds (Lair:8)
  13 vampire mosquitoes
  26 swamp worms
  A mottled dragon (D:15)
  Duvessa (D:5)
  An eye of draining (D:10)
  6 wasps
  3 sky beasts
  6 spiders (Lair:8)
  34 orc warriors
  6 swamp drakes
  15 black bears
  6 ice beasts
  2 phantoms
  20 ogres
  14 crocodiles
  18 centaurs
  An elf zombie (Ossuary)
  14 giant frogs
  2 big kobolds
  Dowan (D:5)
  A water moccasin zombie (D:6)
  11 killer bees
  5 scorpions
  2 wyvern skeletons
  2 oklob saplings (D:10)
  5 wights (D:14)
  3 goliath beetles
  9 jellies
  16 crimson imps
  3 centaur zombies
  An electric eel (Lair:6)
  22 hounds
  11 iguanas
  2 quasits
  25 orc priests
  4 centaur skeletons
  30 orc wizards
  17 worker ants
  A big kobold zombie (Ossuary)
  14 sheep
  2 hound zombies (Ossuary)
  A worker ant zombie (D:7)
  6 mummies
  41 river rats
  26 adders
  A shadow imp (D:13)
  A worm (D:3)
  2 adder zombies
  3 adder skeletons
  7 giant geckos
  167 orcs
  3 ball pythons (D:3)
  13 bats
  2 bat skeletons
  A bat zombie (D:6)
  11 hobgoblins
  17 jackals
  20 kobolds
  6 quokkas
  7 giant cockroaches
  7 giant newts
  A gnoll zombie (Ossuary)
  19 goblins
  A goblin zombie (Ossuary)
  A hobgoblin zombie (Ossuary)
  3 jackal zombies
  2 kobold zombies (Ossuary)
  5 orc zombies (Orc:4)
  2 quokka skeletons
  16 rats
  A rat zombie (Ossuary)
  A ballistomycete (D:8)
  A butterfly (Lair:7)
  2 fungi
  4 plants
1242 creatures vanquished.

Vanquished Creatures (collateral kills)
  A hydra (Lair:4)
  A spiny frog (Swamp:4)
  A swamp worm (Swamp:4)
3 creatures vanquished.

Vanquished Creatures (others)
  A water moccasin (Swamp:3)
  An orc zombie (Orc:4)
  An orc (Orc:3)
  A giant spore (D:8)
  2 fungi
  4 plants
10 creatures vanquished.

Grand Total: 1255 creatures vanquished

Notes
Turn   | Place    | Note
--------------------------------------------------------------
     0 | D:1      | Kisielow, the Minotaur Fighter, began the quest for the Orb.
     0 | D:1      | Reached XP level 1. HP: 19/19 MP: 0/0
   303 | D:1      | Reached skill level 4 in Fighting
   303 | D:1      | Reached XP level 2. HP: 27/27 MP: 1/1
   937 | D:2      | Reached XP level 3. HP: 33/33 MP: 2/2
  1418 | D:3      | Reached XP level 4. HP: 33/40 MP: 3/3
  1942 | D:3      | Found a glowing golden altar of the Shining One.
  2149 | D:3      | Found a blossoming altar of Fedhas.
  2199 | D:3      | Reached skill level 5 in Armour
  2235 | D:4      | Noticed an ogre
  2261 | D:3      | Reached XP level 5. HP: 9/47 MP: 4/4
  2660 | D:3      | Reached skill level 5 in Shields
  2722 | D:4      | Killed an ogre
  2727 | D:4      | Reached XP level 6. HP: 48/53 MP: 5/5
  2870 | D:4      | Reached skill level 5 in Fighting
  2899 | D:4      | Reached skill level 6 in Shields
  2957 | D:4      | Noticed an ogre
  2963 | D:4      | Killed an ogre
  2963 | D:4      | Reached XP level 7. HP: 59/61 MP: 6/6
  3490 | D:4      | Found a staircase to the Ecumenical Temple.
  3496 | Temple   | Entered the Ecumenical Temple
  3739 | D:5      | Entered Level 5 of the Dungeon
  3746 | D:5      | Reached skill level 5 in Long Blades
  3746 | D:5      | Reached skill level 7 in Shields
  3855 | D:5      | Found a sand-covered staircase.
  3894 | D:5      | Found a glowing silver altar of Zin.
  3898 | D:5      | Noticed an angel
  3906 | D:5      | Found a shimmering altar of Xom.
  3921 | D:5      | Noticed Eustachio
  3950 | D:5      | Killed Eustachio
  3950 | D:5      | Reached XP level 8. HP: 50/70 MP: 7/7
  4119 | D:5      | Noticed Sigmund
  4125 | D:5      | Killed Sigmund
  4125 | D:5      | Reached skill level 8 in Shields
  4356 | D:5      | Noticed Duvessa
  4357 | D:5      | Noticed Dowan
  4377 | D:5      | Killed Duvessa
  4403 | D:5      | Killed Dowan
  4420 | D:5      | Gained mutation: You have a pair of large horns on your head. [mutagenic meat]
  4421 | D:5      | Gained mutation: You are clumsy. (Dex -2) [mutagenic meat]
  4422 | D:5      | Gained mutation: You occasionally shout uncontrollably at your foes. [mutagenic meat]
  4443 | D:5      | Reached skill level 9 in Shields
  5212 | D:6      | Reached XP level 9. HP: 77/79 MP: 8/8
  6005 | D:7      | Reached skill level 10 in Shields
  6035 | D:7      | Found a sand-covered staircase.
  6048 | Ossuary  | Entered an ossuary
  6435 | D:7      | Noticed a cyclops
  6454 | D:7      | Killed a cyclops
  6479 | D:7      | Found an opulent altar of Gozag.
  6669 | D:8      | Found a blossoming altar of Fedhas.
  6694 | D:8      | Gained mutation: Your muscles are strong. (Str +2) [potion of mutation]
  6694 | D:8      | Gained mutation: You are dopey. (Int -2) [potion of mutation]
  6695 | D:8      | Gained mutation: You tend to lose your temper in combat. [potion of mutation]
  6695 | D:8      | Gained mutation: You are robust (+10% HP). [potion of mutation]
  6696 | D:8      | Gained mutation: You are partially covered in slimy green scales (AC +2). [potion of beneficial mutation]
  6763 | D:8      | Noticed Grum
  6780 | D:8      | Reached XP level 10. HP: 35/96 MP: 9/9
  6818 | D:8      | Killed Grum
  6818 | D:8      | Reached skill level 11 in Shields
  6842 | D:8      | Found a staircase to the Lair.
  6899 | D:8      | Found a sacrificial altar of Ru.
  6908 | D:8      | Noticed Duskembrace's ghost (experienced MiFi)
  6908 | D:8      | Found Umics's Gadget Emporium.
  6933 | D:8      | Killed Duskembrace's ghost
  7984 | D:9      | Reached skill level 10 in Long Blades
  8205 | D:9      | Reached skill level 12 in Shields
  8272 | D:9      | Found a staircase to the Lair.
  8294 | D:9      | Found an iron altar of Okawaru.
  8298 | D:9      | Found an ancient bone altar of Kikubaaqudgha.
  8319 | D:9      | Found a snail-covered altar of Cheibriados.
  8324 | D:9      | Became a worshipper of Warmaster Okawaru
  8623 | D:9      | Got a fine ring mail
  8634 | D:9      | Identified the +1 ring mail "Jis Kom" {rElec rCorr Slay-3} (You found it on level 9 of the Dungeon)
  8941 | D:9      | Noticed florek's ghost (experienced SpAs)
  9025 | D:9      | Killed florek's ghost
  9025 | D:9      | Reached skill level 1 in Evocations
  9433 | Lair:1   | Entered Level 1 of the Lair of Beasts
  9537 | Lair:1   | Acquired Okawaru's first power
  9549 | Lair:1   | Reached XP level 11. HP: 88/108 MP: 11/11
  9640 | Lair:1   | Reached skill level 10 in Fighting
  9647 | Lair:1   | Reached skill level 10 in Armour
  9678 | Lair:1   | Noticed an eight-headed hydra
  9825 | Lair:1   | Killed an eight-headed hydra
  9931 | Lair:1   | Reached skill level 1 in Invocations
 10689 | Lair:1   | Gained mutation: Your spells are a little harder to cast, but a little more powerful. [potion of beneficial mutation]
 10883 | Lair:2   | Noticed a four-headed hydra
 10896 | Lair:2   | Killed a four-headed hydra
 11298 | Lair:2   | Upgraded the game from 0.17-a0-528-gc205fd0 to 0.17-a0-543-g13d7571
 11318 | Lair:3   | Noticed Sonja
 11347 | Lair:3   | Killed Sonja
 11440 | Lair:3   | Reached skill level 5 in Evocations
 11531 | Lair:3   | Noticed Fannar
 11556 | Lair:3   | Reached skill level 5 in Invocations
 11581 | Lair:3   | Killed Fannar
 11775 | Lair:3   | Noticed Gastronok
 11792 | Lair:3   | Killed Gastronok
 11792 | Lair:3   | Acquired Okawaru's second power
 11792 | Lair:3   | Reached skill level 1 in Bows
 11792 | Lair:3   | Reached XP level 12. HP: 88/117 MP: 16/16
 11814 | Lair:3   | Found a hole to the Spider Nest.
 12056 | Lair:3   | Noticed Maud
 12083 | Lair:3   | Killed Maud
 12083 | Lair:3   | Received a gift from Okawaru
 12241 | Lair:3   | Noticed a seven-headed hydra
 12253 | Lair:3   | Killed a 11-headed hydra
 12674 | Lair:4   | Noticed a four-headed hydra
 12679 | Lair:4   | Killed a four-headed hydra
 12766 | Lair:4   | Noticed a five-headed hydra
 12773 | Lair:4   | Killed a six-headed hydra
 12821 | Lair:3   | Received a gift from Okawaru
 13074 | Lair:4   | Noticed Rupert
 13106 | Lair:4   | Killed Rupert
 13106 | Lair:4   | Reached skill level 5 in Bows
 13429 | Lair:5   | Reached XP level 13. HP: 105/128 MP: 17/17
 13813 | Lair:5   | Received a gift from Okawaru
 14165 | Lair:6   | Found a staircase to the Slime Pits.
 14361 | Lair:6   | Found a staircase to the Swamp.
 14777 | Lair:7   | Received a gift from Okawaru
 14807 | Lair:7   | Reached skill level 13 in Long Blades
 15071 | Lair:7   | Received a gift from Okawaru
 15606 | D:10     | Entered Level 10 of the Dungeon
 15996 | D:10     | Reached skill level 14 in Long Blades
 16294 | D:10     | Found a blossoming altar of Fedhas.
 16502 | D:10     | Reached XP level 14. HP: 139/139 MP: 18/18
 16924 | D:11     | Found a labyrinth entrance.
 16938 | Lab      | Entered a labyrinth
 17255 | Lab      | Got a warped leather armour
 17258 | Lab      | Identified the Guide on Moulding and the Rocks
 17441 | Lair:1   | Identified the cursed +1 leather armour of Bokituekh {MP+9 SInv} (You took it off a minotaur in a labyrinth)
 18076 | D:12     | Got an iridescent war axe
 18118 | D:12     | Identified the +9 war axe of the Spider Nest {chop, Dex+6} (You found it on level 12 of the Dungeon)
 18198 | D:12     | Found a corrupted altar of Lugonu.
 18382 | D:12     | Found a staircase to the Orcish Mines.
 18509 | Orc:1    | Entered Level 1 of the Orcish Mines
 18647 | Orc:2    | Found a dark tunnel.
 18673 | Volcano  | Entered a volcano
 18920 | Volcano  | Found a radiant altar of Vehumet.
 19142 | Orc:2    | Noticed an orc warlord
 19148 | Orc:2    | Reached skill level 15 in Long Blades
 19158 | Orc:2    | Killed an orc warlord
 19217 | Orc:2    | Found Qeilant's Magic Scroll Shoppe.
 20691 | Orc:3    | Found a staircase to the Elven Halls.
 20956 | Orc:4    | Entered Level 4 of the Orcish Mines
 21044 | Orc:4    | Noticed Saint Roka
 21102 | Orc:4    | Killed Saint Roka
 21102 | Orc:4    | Received a gift from Okawaru
 21103 | Orc:4    | Got a smoking demon blade {god gift}
 21147 | Orc:4    | Lost intelligence.
 21147 | Orc:4    | Identified the +9 demon blade of Innocence {pain, rC++ Str+7 Int-5} (Okawaru gifted it to you on level 4 of the Orcish Mines)
 21529 | Orc:4    | Reached skill level 16 in Long Blades
 21676 | Orc:4    | Found Kier's Armour Shoppe.
 21767 | Orc:4    | Received a gift from Okawaru
 21833 | Orc:4    | Found Ybrieppi's General Store.
 21839 | Orc:4    | Found Xeah's Antique Armour Shop.
 21846 | Orc:4    | Found Voded's Book Shoppe.
 21897 | Orc:4    | Found a roughly hewn altar of Beogh.
 22391 | Lair:8   | Entered Level 8 of the Lair of Beasts
 22743 | Lair:8   | Reached XP level 15. HP: 152/152 MP: 19/19
 22776 | Lair:8   | Reached skill level 17 in Long Blades
 23274 | Lair:8   | Got a shimmering flail
 23275 | Lair:8   | Identified the cursed +3 flail "Sagrehe" {vamp, rF+ rC- Stlth+} (You found it on level 8 of the Lair of Beasts)
 23962 | D:13     | Lost mutation: You are dopey. (Int -2) [potion of mutation]
 23976 | D:13     | Found Efapuamu's Book Shoppe.
 24225 | D:13     | Noticed Urug
 24238 | D:13     | Killed Urug
 24238 | D:13     | Received a gift from Okawaru
 24340 | D:13     | Reached skill level 15 in Fighting
 24450 | D:13     | Found Hofon's Gadget Emporium.
 24454 | D:13     | Reached skill level 18 in Long Blades
 24553 | D:13     | Received a gift from Okawaru
 24672 | D:13     | Found Juth's General Store.
 25368 | D:14     | Found a gate to the Vaults.
 25652 | D:14     | Got a transparent long sword
 25653 | D:14     | Identified the +9 long sword of Nakoh {antimagic, Str+4} (You found it on level 14 of the Dungeon)
 25902 | D:15     | Entered Level 15 of the Dungeon
 26106 | D:15     | Found Ozat's Book Emporium.
 26187 | D:15     | Found a flickering gateway to a bazaar.
 26228 | Bazaar   | Entered a bazaar
 26228 | Bazaar   | Found Ucaipt's Distillery.
 26243 | Bazaar   | Found Ripiynad's Armour Emporium.
 26269 | Bazaar   | Found Enapryd's Distillery.
 26283 | Bazaar   | Found Ismirouq's Assorted Antiques.
 26286 | Bazaar   | Bought a crude chain mail for 228 gold pieces
 26298 | Bazaar   | Identified the cursed +1 chain mail of Diokenar {rC+ Regen+} (You bought it in a shop in a bazaar)
 26320 | Bazaar   | Bought a potion of agility for 52 gold pieces
 26320 | Bazaar   | Bought a potion of heal wounds for 65 gold pieces
 26320 | Bazaar   | Bought a potion of heal wounds for 65 gold pieces
 26342 | Bazaar   | Bought a potion of curing for 33 gold pieces
 26342 | Bazaar   | Bought a potion of curing for 33 gold pieces
 26342 | Bazaar   | Bought a potion of agility for 44 gold pieces
 26342 | Bazaar   | Bought a potion of heal wounds for 55 gold pieces
 26342 | Bazaar   | Bought a potion of heal wounds for 55 gold pieces
 26456 | D:15     | Found a staircase to the Depths.
 26516 | D:15     | Reached skill level 19 in Long Blades
 26547 | D:15     | Reached XP level 16. HP: 165/165 MP: 20/20
 26577 | D:15     | Received a gift from Okawaru
 26600 | D:15     | Gained mutation: You often lose your temper in combat. [mutagenic meat]
 26601 | D:15     | Gained mutation: You possess an exceptional clarity of mind. [mutagenic meat]
 26702 | D:15     | Found Taonumie's Demolitions Depot.
 26995 | D:15     | Identified a scroll of acquirement
 27143 | D:15     | Found a shadowy altar of Dithmenos.
 27705 | Elf:1    | Entered Level 1 of the Elven Halls
 27843 | Elf:1    | Noticed Roxanne
 27855 | Elf:1    | Killed Roxanne
 27858 | Elf:1    | Identified Roxanne's Catalogue of Clay and Moulding (You took it off Roxanne on level 1 of the Elven Halls)
 28515 | Elf:1    | Reached skill level 15 in Armour
 28657 | Elf:1    | Gained mutation: Your flesh is cold resistant. [potion of mutation]
 29184 | Swamp:1  | Entered Level 1 of the Swamp
 29253 | Swamp:1  | Received a gift from Okawaru
 29339 | Swamp:1  | Received a gift from Okawaru
 29451 | Swamp:1  | Got a brightly glowing ring mail
 29462 | Swamp:1  | Identified the +1 ring mail of Caaci {rPois MR+} (You found it on level 1 of the Swamp)
 29567 | Swamp:1  | Reached skill level 20 in Long Blades
 31809 | Swamp:4  | Noticed Kirke
 31825 | Swamp:4  | Killed Kirke
 31834 | Swamp:4  | Received a gift from Okawaru
 31837 | Swamp:4  | Got a dazzling scimitar {god gift}
 31838 | Swamp:4  | Identified the +4 scimitar "Suliuwn" {drain, +Rage MR+ Str+3 Int-2} (Okawaru gifted it to you on level 4 of the Swamp)
 32200 | Swamp:5  | Entered Level 5 of the Swamp
 32244 | Swamp:5  | Reached XP level 17. HP: 179/179 MP: 21/21
 32573 | Swamp:5  | Noticed the 27-headed Lernaean hydra
 32657 | Swamp:5  | HP: 8/179 [the 27-headed Lernaean hydra (11)]
 32659 | Swamp:5  | Slain by a three-headed hydra

Action                   |  1- 3 |  4- 6 |  7- 9 | 10-12 | 13-15 | 16-18 || total
-------------------------+-------+-------+-------+-------+-------+-------++-------
Melee: Long sword        |    82 |   113 |   434 |   674 |       |    54 ||  1357
       Double sword      |       |       |       |   125 |  1688 |   615 ||  2428
       Demon blade       |       |       |       |       |    29 |       ||    29
       Scimitar          |       |       |       |       |       |     9 ||     9
 Fire: Longbow           |       |       |       |       |     2 |       ||     2
Invok: Heroism           |       |       |       |     4 |     6 |     1 ||    11
       Finesse           |       |       |       |     2 |     3 |     1 ||     6
 Abil: Evoke Berserk Rag |       |       |       |       |       |     2 ||     2
       Evoke Flight      |       |       |       |       |       |     2 ||     2
Evoke: Wand              |       |       |       |    27 |    15 |     2 ||    44
       Phantom mirror    |       |       |       |     1 |       |       ||     1
       Deck              |       |       |       |       |       |     2 ||     2
       Stone of tremors  |       |       |       |       |       |     1 ||     1
  Use: Potion            |       |       |     8 |    12 |     4 |     4 ||    28
       Scroll            |       |       |    21 |    14 |    36 |    10 ||    81
 Stab: Invisible         |       |       |       |     4 |       |     5 ||     9
  Eat: Chunk             |     2 |     4 |    17 |    28 |    48 |    21 ||   120
       Pizza             |       |       |       |       |     2 |     1 ||     3
       Meat ration       |       |       |       |       |     1 |       ||     1
       Royal jelly       |       |       |       |       |     1 |       ||     1
       Fruit             |       |       |       |       |     3 |     6 ||     9
       Beef jerky        |       |       |       |       |       |     1 ||     1
